 Dungeon Crawl Stone Soup version 0.16.2-12-gd0ad4c3 (webtiles) character file.

690 faibistes the Magician (level 7, 0/38 HPs)
             Began as a Deep Elf Wizard on Dec 5, 2018.
             Killed by divine providence
             ... invoked by an orc priest
              (10 damage)
             ... on level 6 of the Dungeon.
             The game lasted 00:11:52 (6347 turns).

faibistes the Magician (Deep Elf Wizard)            Turns: 6347, Time: 00:11:53

Health: 0/38       AC:  4    Str:  4    XL:     7   Next: 36%
Magic:  13/25      EV: 14    Int: 25    God:
Gold:   235        SH:  0    Dex: 13    Spells: 6 memorised, 8 levels left

rFire  . . .     SeeInvis .     l - staff of earth
rCold  . . .     Clarity  .     x - +2 robe {rN+}
rNeg   + . .     SustAb   .     (no shield)
rPois  .         Gourm    .     b - +0 hat
rElec  .         Spirit   .     (no cloak)
rCorr  .         Warding  .     (no gloves)
rMut   .         Stasis   .     (no boots)
MR     .....                    H - amulet of rage
Stlth  +++.......               q - ring of stealth
                                B - ring of wizardry

@: repel missiles, not resistant to hostile enchantments, fairly stealthy
A: no striking features
a: Evoke Berserk Rage


You were on level 6 of the Dungeon.
You were hungry.

You visited 1 branch of the dungeon, and saw 6 of its levels.

You collected 235 gold pieces.

Inventory:

Hand weapons
 i - a +0 club
 j - a +0 dagger
Armour
 a - a +0 robe
 b - a +0 hat (worn)
 x - a +2 robe of positive energy (worn)
Magical staves
 l - an uncursed staff of earth (weapon)
Jewellery
 q - a ring of stealth (right hand)
 B - a ring of wizardry (left hand)
 F - an uncursed ring of protection from fire
 H - an amulet of rage (around neck)
Magical devices
 u - a wand of polymorph (12)
Scrolls
 e - a scroll of noise {unknown}
 m - 3 scrolls of teleportation {unknown}
 n - a scroll of enchant weapon {unknown}
 t - 2 scrolls of magic mapping {unknown}
 v - a scroll of fear {unknown}
 y - a scroll of amnesia {unknown}
 z - a scroll of blinking {unknown}
 C - a scroll of recharging {unknown}
 D - a scroll of fog {unknown}
 E - a scroll of random uselessness {unknown}
 G - a scroll of identify
Potions
 h - 2 potions of brilliance {unknown}
 o - a potion of flight
 r - a potion of restore abilities
 s - a potion of haste
 w - a potion of ambrosia {unknown}
 A - a potion of degeneration {unknown}
Books
 c - a book of Minor Magic

   Spells                             Type                      Level
   a - Magic Dart                     Conjuration                  1
   b - Blink                          Translocation                2
   c - Call Imp                       Summoning                    2
   d - Repel Missiles                 Charms/Air                   2
   e - Slow                           Hexes                        2
   f - Conjure Flame                  Conjuration/Fire             3
   g - Mephitic Cloud                 Conjuration/Poison/Air       3
Comestibles
 d - a bread ration
 f - a slice of pizza
 g - 2 meat rations
 k - 2 fruits
 p - a beef jerky
 I - 5 chunks of flesh


   Skills:
 * Level 1.3 Fighting
 + Level 5.0 Dodging
 - Level 2.4 Stealth
 * Level 7.9 Spellcasting
 - Level 4.0 Conjurations
 - Level 1.1 Summonings
 - Level 3.1 Translocations
 + Level 1.0 Evocations


You had 8 spell levels left.
You knew the following spells:

 Your Spells              Type           Power        Failure   Level  Hunger
a - Magic Dart            Conj           ####         1%          1    None
b - Conjure Flame         Conj/Fire      ###.....     4%          3    None
c - Call Imp              Summ           ###.....     3%          2    None
d - Blink                 Tloc           N/A          1%          2    None
e - Mephitic Cloud        Conj/Pois/Air  #.......     4%          3    None
f - Repel Missiles        Chrm/Air       #.....       4%          2    None


Dungeon Overview and Level Annotations

Branches:
Dungeon (6/15)
 Temple: D:4-7

Altars:
Dithmenos
Elyvilon
Kikubaaqudgha
Trog

Annotations:
D:6 Ijyb, Sigmund


Message History

Press: ? - help, Shift-Dir - straight line, f - orc priest, p - orc wizard
Aim: an orc priest, wearing a leather armour You feel a numb sensation.
That beam is likely to hit you.
Continue anyway?
Okay, then.
Okay, then.
Casting: Mephitic Cloud
Confirm with . or Enter, or press ? or * to list all spells.
Aiming: Mephitic Cloud
Press: ? - help, Shift-Dir - straight line, p - orc priest You feel a numb sensation.
The ball explodes into a vile cloud!
The stinking cloud engulfs Sigmund.
Sigmund is moderately wounded.
The stinking cloud engulfs the orc priest.
You hear a shout!
Sigmund is engulfed in noxious fumes.
Sigmund hits you with a scythe!
* * * LOW HITPOINT WARNING * * *
The orc priest calls down the wrath of Beogh upon you.
Something smites you!
You die...

# # .##..
.#...? ##
#...... #####.
...$.
#....[#@o##g...
#.@o§..#
#...####.#
#...## #.# #.


You could see Sigmund, Ijyb, an orc priest and an orc wizard (confused).

Vanquished Creatures
  A phantom (D:4)
  An orc warrior (D:5)
  A scorpion (D:4)
  4 killer bees (D:5)
  A goliath beetle (D:5)
  An orc wizard (D:5)
  A worker ant (D:5)
  Jessica (D:3)
  A hound zombie (D:5)
  4 adders
  6 worms
  10 orcs
  11 bats
  2 bat skeletons
  8 giant cockroaches
  11 goblins
  8 hobgoblins
  9 kobolds
  2 quokkas
  A ball python skeleton (D:5)
  A giant gecko (D:5)
  A giant gecko skeleton (D:4)
  6 giant newts
  A quokka skeleton (D:5)
  10 rats
103 creatures vanquished.

Vanquished Creatures (collateral kills)
  A gnoll (D:1)
1 creature vanquished.

Vanquished Creatures (others)
  A human (D:2)
1 creature vanquished.

Grand Total: 105 creatures vanquished

Notes
Turn   | Place    | Note
--------------------------------------------------------------
     0 | D:1      | faibistes, the Deep Elf Wizard, began the quest for the Orb.
     0 | D:1      | Reached XP level 1. HP: 10/10 MP: 6/6
   511 | D:1      | Reached XP level 2. HP: 15/15 MP: 7/10
   539 | D:1      | Learned a level 2 spell: Blink
   542 | D:1      | Learned a level 2 spell: Call Imp
   948 | D:1      | Reached skill level 5 in Spellcasting
  1140 | D:2      | Reached XP level 3. HP: 17/19 MP: 10/14
  1150 | D:2      | Learned a level 3 spell: Conjure Flame
  1154 | D:2      | Learned a level 3 spell: Mephitic Cloud
  1888 | D:3      | Reached XP level 4. HP: 24/24 MP: 6/17
  2053 | D:3      | Learned a level 2 spell: Repel Missiles
  2477 | D:2      | Found a white marble altar of Elyvilon.
  2496 | D:2      | Found an ancient bone altar of Kikubaaqudgha.
  2498 | D:2      | Noticed a human
  2499 | D:2      | Killed a human
  3219 | D:3      | Noticed Jessica
  3225 | D:3      | Killed Jessica
  3225 | D:3      | Reached XP level 5. HP: 21/28 MP: 12/20
  3879 | D:3      | Found a shadowy altar of Dithmenos.
  4038 | D:5      | Entered Level 5 of the Dungeon
  4390 | D:4      | Noticed a scorpion
  4404 | D:4      | Killed a scorpion
  4404 | D:4      | Reached skill level 6 in Spellcasting
  5093 | D:4      | Noticed a phantom
  5105 | D:4      | Killed a phantom
  5105 | D:4      | Reached XP level 6. HP: 16/32 MP: 9/22
  5580 | D:5      | Found a bloodstained altar of Trog.
  5652 | D:5      | Reached skill level 7 in Spellcasting
  5681 | D:5      | Reached XP level 7. HP: 28/36 MP: 5/25
  5891 | D:5      | Reached skill level 1 in Fighting
  6142 | D:5      | Reached skill level 5 in Dodging
  6142 | D:5      | Reached skill level 1 in Evocations
  6238 | D:6      | Noticed Sigmund
  6345 | D:6      | Noticed Ijyb
  6347 | D:6      | Killed from afar by an orc priest

Action                   |  1- 3 |  4- 6 |  7- 9 || total
-------------------------+-------+-------+-------++-------
Melee: Dagger            |     4 |     2 |       ||     6
       Staff             |       |     9 |     2 ||    11
 Cast: Magic Dart        |    90 |   147 |    37 ||   274
       Call Imp          |     3 |     1 |       ||     4
       Mephitic Cloud    |     5 |     6 |     6 ||    17
       Conjure Flame     |     2 |     4 |     4 ||    10
       Blink             |     2 |    17 |     2 ||    21
       Repel Missiles    |       |     1 |       ||     1
  Use: Potion            |     2 |       |       ||     2
       Scroll            |       |     3 |       ||     3
 Stab: Confused          |       |     1 |       ||     1
  Eat: Chunk             |     3 |    11 |     2 ||    16
